 Dungeon Crawl Stone Soup version 0.31-a0-221-gbddc013574 (webtiles) character file.

Game seed: 16795212449419212488

69 qw the Shooter (level 4, -4/26 HPs)
             Began as a Gargoyle Hexslinger on July 4, 2023.
             Killed by divine providence
             ... invoked by an orc priest
              (11 damage)
             ... on level 3 of the Dungeon.
             The game lasted 00:00:38 (1988 turns).

qw the Shooter (Gargoyle Hexslinger)                Turns: 1988, Time: 00:00:39

Health: -4/26      AC:  8    Str: 11    XL:     4   Next: 20%
Magic:  5/5        EV: 10    Int: 14    God:
Gold:   144        SH:  0    Dex: 14    Spells: 4/5 levels left

rFire   . . .        Y - +3 orcbow
rCold   . . .        (shield currently unavailable)
rNeg    + . .        f - +0 ring mail
rPois   inf          (no helmet)
rElec   +            (no cloak)
rCorr   .            (no gloves)
SInv    .            (no boots)
Will    .....        (no amulet)
Stlth   +            (no ring)
HPRegen 0.24/turn    (no ring)
MPRegen 0.09/turn

%: no passive effects
@: no status effects
A: sickness immunity, AC +3, negative energy resistance 1, electricity
resistance, torment resistance 1, petrification resistance
a: no special abilities


You were on level 3 of the Dungeon.
You visited 1 branch of the dungeon, and saw 3 of its levels.

You collected 144 gold pieces.


Innate Abilities, Weirdness & Mutations

You are immune to sickness and miasma.
Your stone body is resilient. (AC +3)
You are immune to poison.
You resist negative energy. (rN+)
You are resistant to electric shocks. (rElec)
You are resistant to unholy torment.
You are immune to petrification.


   Skills:
 - Level 2.0 Fighting
 - Level 4.0 Ranged Weapons
 + Level 0.1 Armour
 - Level 1.5 Dodging
 - Level 1.0 Spellcasting
 - Level 2.6 Hexes


You had 4 spell levels left.
You knew the following spells:

 Your Spells              Type           Power      Damage    Failure   Level
a - Slow                  Hex            32%        N/A       22%         1

Your spell library contained the following spells:

 Spells                   Type           Power      Damage    Failure   Level
 Inner Flame              Hex/Fire       4%         N/A       73%         3
 Portal Projectile        Hex/Tloc       8%         N/A       73%         3
 Cause Fear               Hex            4%         N/A       91%         4

Inventory:

Hand Weapons
 Y - a +3 orcbow (weapon)
Armour
 f - a +0 ring mail (worn)
Scrolls
 i - a scroll of enchant weapon {unknown}
Potions
 a - a potion of degeneration {unknown}
 b - 2 potions of enlightenment {unknown}
 c - a potion of berserk rage {unknown}
 d - a potion of curing
 e - a potion of cancellation {unknown}
 g - a potion of attraction {unknown}
 h - a potion of haste {unknown}

Dungeon Overview and Level Annotations

Branches:
Dungeon (3/15)

Altars:
The Shining One


Message History

Enter note:
Enter note: You see here 5 stones.
You now have 144 gold pieces (gained 9).
Found 5 stones.
Enter note:
Enter note: You open the door.
Found a glowing golden altar of the Shining One.
Enter note:
Enter note:
There is an open door here.
Found 7 stones.
Enter note:
Enter note: An orc priest and 3 orcs come into view.
An orc is wielding a +1 war axe of freezing.
The orc shouts! x2; The orc priest shouts!
The orc shouts!
Enter note:
Enter note: You shoot an arrow.
The arrow hits the orc.
The orc is severely wounded.
You shoot an arrow. The arrow hits the orc.
The orc is almost dead.
The orc closely misses you.
The orc hits you with a +1 war axe of freezing.
The orc freezes you.
The orc priest mumbles some strange prayers to Beogh against you.
Beogh smites you!
Ouch! That really hurt!
You shoot an arrow. The arrow hits the orc!
You kill the orc!
You shoot an arrow. The arrow hits the orc priest.
The orc priest is moderately wounded.
The orc priest barely misses you.
You shoot an arrow. The arrow hits the orc priest!
The orc priest is almost dead.
The orc priest calls down the wrath of Beogh upon you.
Beogh smites you!
You die...

#...#######
#####.#
#####.########
#.....#
#.#........#.#
#######
#..#.......#.#
.............#.#
####.#.......#o#
##.#.#.####o#
##...#####o#
##.(....@.#
##########


You could see an orc priest and 2 orcs.

Vanquished Creatures
  An adder (D:3)
  A dart slug (D:1)
  An orc (D:3)
  8 bats
  4 endoplasms (D:1)
  4 giant cockroaches
  3 hobgoblins
  6 jackals
  4 kobolds
  3 quokkas
  2 ball pythons
  3 frilled lizards
  6 goblins
  3 rats
49 creatures vanquished.

Notes
Turn   | Place    | Note
-------+----------+-------------------------------------------
     0 | D:1      | qw the Gargoyle Hexslinger began the quest for the Orb.
     0 | D:1      | Reached XP level 1. HP: 12/12 MP: 2/2
     0 | D:1      | 0 ||| qw: Version: 0.3-a-41-g9d075ac
     0 | D:1      | 0 ||| qw: Game counter: 822
     0 | D:1      | 0 ||| qw: Melee chars always use a shield: true
     0 | D:1      | 0 ||| qw: God list: Okawaru
     0 | D:1      | 0 ||| qw: Allow faded altars: false
     0 | D:1      | 0 ||| qw: Do Orc after clearing Dungeon:15 true
     0 | D:1      | 0 ||| qw: Do second Lair branch before Depths: true
     0 | D:1      | 0 ||| qw: Lair rune preference: random
     0 | D:1      | 0 ||| qw: Goals: Normal
     0 | D:1      | 0 ||| PLANNING D:1-11
   135 | D:1      | Reached XP level 2. HP: 16/16 MP: 3/3
   251 | D:1      | Reached skill level 3 in Ranged Weapons
   759 | D:1      | Reached XP level 3. HP: 21/21 MP: 4/4
   925 | D:1      | 925 ||| UPGRADING to +0 ring mail.
   935 | D:1      | 935 ||| DROPPING +0 robe.
   936 | D:1      | 936 ||| DRINKING 2 emerald potions.
   937 | D:1      | 937 ||| DROPPING scroll of poison.
   997 | D:2      | 997 ||| STAIRDANCE
  1041 | D:2      | 1041 ||| SWAPPING to +3 orcbow.
  1042 | D:2      | 1042 ||| DROPPING +1 sling.
  1252 | D:2      | 1252 ||| READING scroll labelled DEBBIY ZIADGHE.
  1253 | D:2      | 1253 ||| READING scroll labelled PEUDEV QARO.
  1258 | D:2      | 1258 ||| STAIRDANCE
  1704 | D:2      | 1704 ||| READING scroll labelled UZIPNUA QEZXI.
  1766 | D:3      | Reached XP level 4. HP: 25/26 MP: 5/5
  1833 | D:3      | Reached skill level 4 in Ranged Weapons
  1966 | D:3      | Found a glowing golden altar of the Shining One.
  1985 | D:3      | HP: 5/26 [orc priest/divine providence (16)]
  1988 | D:3      | Killed from afar by an orc priest

Levels and vault maps discovered:
D:1:      spicycebolla_arrival_ecumenical, layout_basic
D:2:      layout_basic, minmay_misc_feat_more_columns
D:3:      minmay_chambers_of_twos, layout_loops_ring,
          grunt_temple_overflow_holy_war, nicolae_overflow_hidden_temple,
          pdpol_wu_jian_five_deadly_venoms, grunt_decor_cap

Skill      XL: |  1  2  3  4 |
---------------+-------------+-----
Ranged Weapons | 3 4 |  4.0
Fighting       | 2 |  2.0
Armour         | |  0.1
Dodging        | |  1.5
Spellcasting   | |  1.0
Hexes          | |  2.6

Action                     |  1- 3 |  4- 6 || total
---------------------------+-------+-------++-------
   Fire: Sling             |    69 |       ||    69
         Orcbow            |    69 |     9 ||    78
    Use: Scroll            |     3 |       ||     3
         Potion            |     1 |       ||     1
 Armour: Robe              |    10 |       ||    10
         Ring mail         |    29 |       ||    29
  Dodge: Dodged            |    50 |     3 ||    53

Table legend:
 A = Non-vault XP
 B = Vault XP
 C = Vault XP percentage of total XP
 D = Non-vault monster count
 E = Vault monster count
 F = Vault count percentage of total count
                 A         B        C        D         E       F
            +---------+---------+-------+---------+---------+-------
      Total |      99 |       0 |   0.0 |      49 |       0 |   0.0
            +---------+---------+-------+---------+---------+-------
        D:1 |      44 |       0 |   0.0 |      25 |       0 |   0.0
        D:2 |      34 |       0 |   0.0 |      20 |       0 |   0.0
        D:3 |      21 |       0 |   0.0 |       4 |       0 |   0.0
            +---------+---------+-------+---------+---------+-------
